[Event "94th Tradewise Hastings Congress"]
[Site "Hastings"]
[Date "2018.12.28"]
[Round "1"]
[White "Ruane, Brendan J"]
[Black "Rayner, Francis"]
[Result "1/2-1/2"]
[ECO "A04"]
[WhiteElo "1870"]
[BlackElo "2048"]
[Annotator "NA"]
[PlyCount "84"]
[EventDate "2018.12.28"]
[EventType "swiss"]
[EventCountry "ENG"]
[TimeControl "40/6000+30:3000+30"]

1. e4 c5 2. Nf3 d6 3. g3 Nc6 4. Bg2 g6 5. d3 Bg7 6. c3 e5 7. O-O Nge7 8. Re1 O-O 9. a3 h6 10. b4 a6 11. Ra2 Be6 12. Rd2 cxb4 13. axb4 d5 14. Na3 Qc7 15. Bb2 Rfd8 16. Qe2 d4 17. Rc2 Qd7 18. Rd1 Bb3 19. Nc4 Qc7 20. cxd4 Bxc2 21. Qxc2 exd4 22. Qb3 b5 23. Ncd2 Qd6 24. e5 Qxb4 25. Qa2 Rac8 26. Qa1 Nd5 27. e6 fxe6 28. Nh4 g5 29. Ng6 Nc3 30. Re1 Kf7 31. Bxc6 Rxc6 32. Ne5+ Bxe5 33. Rxe5 Qd6 34. f4 gxf4 35. gxf4 Rg8+ 36. Kf2 Rg4 37. Kf3 h5 38. h3 Rxf4+ 39. Kxf4 Nd5+ 40. Ke4 Nf6+ 41. Kf4 Nd5+ 42. Ke4 Nf6+ 1/2-1/2

[Event "94th Tradewise Hastings Congress"]
[Site "Hastings"]
[Date "2018.12.28"]
[Round "1"]
[White "Rahulan, Thivyaa"]
[Black "Rice, Chris B"]
[Result "1/2-1/2"]
[ECO "C90"]
[WhiteElo "1814"]
[BlackElo "1963"]
[Annotator "NA"]
[PlyCount "45"]
[EventDate "2018.12.28"]
[EventType "swiss"]
[EventCountry "ENG"]
[TimeControl "40/6000+30:3000+30"]

1. e4 e5 2. Nf3 Nc6 3. Bc4 Nf6 4. d3 Be7 5. O-O O-O 6. Re1 d6 7. c3 Na5 8. Bb5 a6 9. Ba4 b5 10. Bc2 c5 11. Nbd2 Re8 12. Nf1 h6 13. Bd2 Bf8 14. a4 Bb7 15. Ng3 Nc6 16. axb5 axb5 17. Qe2 Qd7 18. d4 c4 19. d5 Ne7 20. Nh4 Qg4 21. Qxg4 Nxg4 22. h3 Nf6 23. Be3 1/2-1/2